Map: Ulrena

Players

Miszu - Winner!

  • Race: Terran Terran
  • League: Master

AlexUA

  • Race: Zerg Zerg
  • League: Master

VOD

Have the link to the VOD?

Description

Time

  • Played on: April 19, 2016, 4:51 p.m.
  • Length: 10:00
Show
View Real Time Build Order
Export as new Build Order

Miszu Terran - Winner!

Build Orders: MMM Bio 

Get SALT Encoding   

  12  0:00  SCV  
  13  0:12  SCV  
  14  0:17  Supply Depot  
  14  0:25  SCV  
  15  0:39  Refinery, SCV  
  16  0:44  Barracks  
  16  0:51  SCV  
  17  1:03  SCV  
  18  1:15  SCV  
  19  1:27  SCV  
  19  1:32  Reaper  
  21  1:40  Orbital Command  
  21  1:50  Command Center  
  21  2:00  Supply Depot  
  21  2:06  Marine, SCV  
  23  2:16  Factory  
  23  2:22  SCV  
  24  2:35  SCV  
  25  2:39  Barracks Reactor  
  25  2:47  SCV  
  26  2:54  Refinery  
  26  2:59  SCV  
  26  3:02  Orbital Command  
  26  3:03  Bunker  
  26  3:04  Starport  
  27  3:11  SCV  
  28  3:14  Factory Tech Lab  
  28  3:15  Marine  
  28  3:17  Marine  
  30  3:23  SCV  
  31  3:30  SCV  
  31  3:33  Marine  
  33  3:35  Marine, SCV  
  33  3:39  Siege Tank  
  37  3:42  SCV  
  37  3:45  Supply Depot  
  37  3:48  SCV  
  39  3:51  Marine  
  39  3:52  Marine  
  39  3:54  SCV  
  42  3:57  Medivac  
  42  4:00  SCV  
  45  4:06  SCV  
  46  4:12  SCV  
  47  4:18  SCV  
  47  4:22  Liberator  
  48  4:24  SCV  
  48  4:30  SCV  
  49  4:36  SCV  
  47  4:43  SCV  
  53  4:48  SCV  
  53  4:50  Command Center  
  54  4:56  SCV  
  54  4:57  Supply Depot  
  53  5:00  Supply Depot, SCV  
  54  5:13  Liberator  
  54  5:18  Marine x2, Siege Tank, SCV x2  
  61  5:21  Barracks  
  61  5:22  Barracks  
  61  5:24  Barracks  
  61  5:25  Barracks  
  61  5:31  SCV  
  61  5:32  SCV  
  66  5:36  Marine x2  
  66  5:39  Supply Depot  
  68  5:43  SCV  
  68  5:44  SCV  
  68  5:47  Supply Depot  
  70  5:53  Supply Depot, Refinery x2  
  70  6:00  Marine, Siege Tank, SCV x2  
  70  6:01  Orbital Command  
  76  6:05  Engineering Bay x2  
  76  6:10  Barracks Tech Lab x2  
  76  6:12  Barracks Reactor  
  76  6:13  Barracks Reactor, Marine, SCV  
  76  6:18  Marine  
  78  6:23  SCV  
  80  6:30  Marine  
  80  6:31  Marine x2  
  83  6:36  Marine  
  83  6:38  Combat Shields  
  83  6:39  Stimpack  
  84  6:47  Siege Tank  
  84  6:48  Marine  
  84  6:49  Marine x2  
  84  6:53  Marine  
  84  6:54  Supply Depot, Marine x2  
  92  6:55  Marine x2  
  92  6:56  Starport Reactor  
  92  6:57  Terran Infantry Weapons Level 1  
  95  7:02  Supply Depot  
  95  7:06  Marine x2  
  95  7:07  Marine  
  98  7:11  Marine x2  
  98  7:12  Marine  
  98  7:13  Marine  
  98  7:15  Terran Infantry Armor Level 1  
  102  7:17  Marine  
  102  7:20  Siege Tank  
  106  7:24  Marine x3  
  106  7:25  Supply Depot, Orbital Command  
  106  7:29  Marine x2  
  111  7:31  Marine  
  111  7:34  Marine  
  111  7:35  Marine, Armory  
  114  7:42  Marine x3  
  114  7:43  SCV x2  
  119  7:50  Missile Turret  
  119  7:51  SCV  
  120  7:53  Missile Turret  
  120  8:00  Marine  
  120  8:01  Medivac, Siege Tank  
  126  8:05  SCV x2  
  126  8:06  SCV  
  129  8:17  Medivac  
  129  8:18  Marine x2  
  133  8:25  Supply Depot  
  133  8:34  Missile Turret  
  133  8:46  Marine x3, Medivac, Siege Tank  
  141  8:52  Missile Turret  
  141  8:54  Supply Depot, Missile Turret  
  141  8:55  Missile Turret  
  141  8:59  Marine  
  141  9:01  Reaper  
  141  9:02  Marine  
  141  9:04  Marine  
  141  9:05  Marine x3  
  141  9:08  Marine, Medivac  
  137  9:17  Marine  
  137  9:20  Marine  
  137  9:22  Marine  
  137  9:23  Marine x3  
  130  9:31  Marine  
  123  9:33  Marine  
  123  9:35  Marine  
  123  9:38  Marine  
  120  9:40  Marine x4  
Show
View Real Time Build Order
Export as new Build Order

AlexUA Zerg 

Build Orders: Hatch First 

Get SALT Encoding   

  12  0:01  Drone  
  13  0:08  Drone  
  14  0:17  Overlord  
  14  0:24  Extractor  
  14  0:25  Drone  
  15  0:36  Drone x2  
  17  0:57  Drone, Hatchery  
  17  1:00  Drone  
  18  1:10  Extractor  
  18  1:11  Drone  
  18  1:20  Spawning Pool  
  18  1:24  Drone  
  18  1:31  Drone  
  19  1:41  Drone  
  20  1:51  Overlord  
  20  2:06  Queen  
  22  2:08  Queen  
  22  2:09  Zergling x2  
  22  2:11  Zergling x2  
  22  2:13  Drone  
  27  2:21  Drone  
  28  2:26  Extractor  
  28  2:29  Extractor  
  26  2:31  Drone x2  
  26  2:33  Drone  
  30  2:45  Roach Warren  
  30  2:49  Drone x2  
  29  2:52  Overlord  
  29  3:03  Overlord  
  29  3:17  Metabolic Boost  
  29  3:28  Roach x4  
  29  3:33  Drone x6  
  43  3:43  Overlord  
  43  3:47  Lair  
  43  3:49  Extractor  
  43  3:51  Drone  
  43  3:53  Overlord  
  43  4:01  Queen  
  46  4:02  Drone  
  46  4:03  Drone  
  46  4:06  Drone  
  46  4:07  Drone  
  49  4:10  Extractor  
  49  4:16  Drone x4  
  52  4:24  Drone  
  52  4:27  Drone  
  51  4:33  Roach  
  51  4:34  Roach x3  
  57  4:40  Roach  
  57  4:41  Roach  
  57  4:48  Glial Reconstitution  
  57  4:53  Roach  
  57  4:54  Overlord  
  59  5:12  Zergling x2, Queen  
  62  5:16  Overlord  
  62  5:19  Roach x3  
  68  5:22  Overlord  
  68  5:33  Overlord  
  68  5:35  Roach x4  
  76  5:45  Roach x4  
  76  5:47  Pneumatized Carapace  
  84  5:50  Overlord  
  84  5:51  Queen  
  84  5:55  Overlord  
  86  5:57  Roach x3  
  92  6:14  Overlord  
  92  6:19  Tunneling Claws  
  92  6:27  Burrow  
  92  6:30  Queen  
  94  6:37  Roach x3  
  94  6:38  Roach x2  
  103  6:48  Overlord  
  103  6:58  Roach x5  
  103  7:00  Evolution Chamber  
  112  7:02  Roach  
  112  7:05  Queen  
  116  7:16  Overlord  
  116  7:17  Roach  
  116  7:18  Roach x3  
  124  7:25  Spore Crawler  
  124  7:27  Spore Crawler  
  122  7:38  Queen  
  124  7:53  Roach x4  
  132  8:09  Overlord x5  
  132  8:18  Overlord x3  
  130  8:27  Roach  
  130  8:28  Roach x3  
  138  8:38  Roach  
  140  8:41  Overlord  
  140  8:42  Zergling x6  
  140  8:43  Zergling x4  
  140  8:47  Roach  
  147  8:49  Zergling x2  
  147  8:51  Roach  
  150  8:59  Roach  
  150  9:01  Roach x2  
  137  9:14  Roach x2  
  137  9:15  Roach  
  142  9:22  Roach x2  
  130  9:26  Roach  
  130  9:30  Roach  
  126  9:38  Roach  
Tags
 
Composition
MMM Bio
Matchup
TvZ
Add a new tag
Caveats
  • Supply blocks, unpowered buildings, or Contaminate may cause inaccurate times.
  • Supply counts are checked every 10 seconds.